 Dungeon Crawl Stone Soup version 0.17-a0-1900-g45e8110 (webtiles) character file.

90 derrpe the Conjurer (level 4, -1/24 HPs)
             Began as a Tengu Conjurer on Sept 25, 2015.
             Slain by an orc
             ... wielding a +0 falchion
              (4 damage)
             ... on level 3 of the Dungeon.
             The game lasted 00:02:46 (2504 turns).

derrpe the Conjurer (Tengu Conjurer)                Turns: 2504, Time: 00:02:47

Health: -1/24      AC:  2    Str:  8    XL:     4   Next: 56%
Magic:  0/9        EV: 12    Int: 16    God:
Gold:   125        SH:  0    Dex: 15    Spells: 1 memorised, 8 levels left

rFire  . . .     SeeInvis .     x - +3 short sword
rCold  . . .     Clarity  .     a - +0 robe
rNeg   + . .     SustAt   .     (no shield)
rPois  +         Gourm    .     (helmet restricted)
rElec  .         Spirit   .     (no cloak)
rCorr  .         Warding  +     (no gloves)
rMut   .         Stasis   .     (boots unavailable)
MR     .....                    u - amulet of warding
Stlth  ++........               (no ring)
                                w - ring of poison resistance (curse)

@: not resistant to hostile enchantments, unstealthy
A: beak, talons 3
a: no special abilities


You were on level 3 of the Dungeon.
You were not hungry.

You visited 1 branch of the dungeon, and saw 3 of its levels.

You collected 125 gold pieces.

Inventory:

Hand weapons
 x - a +3 short sword (weapon)
Armour
 a - a +0 robe (worn)
Jewellery
 u - an amulet of warding (around neck)
 w - a cursed ring of poison resistance (left hand)
Magical devices
 v - a wand of random effects (30)
Scrolls
 f - 2 scrolls of blinking {unknown}
 h - a scroll of fear {unknown}
 j - a scroll of remove curse {unknown}
 o - 2 scrolls of random uselessness {unknown}
 q - 4 scrolls of magic mapping {unknown}
 s - a scroll of recharging {unknown}
Potions
 g - a potion of heal wounds {unknown}
 k - a potion of resistance {unknown}
 l - a potion of might {unknown}
 m - a potion of magic {unknown}
 n - a potion of degeneration {unknown}
 r - 2 potions of flight {unknown}
 t - a potion of agility {unknown}
Books
 b - a book of Conjurations

   Spells                             Type                      Level
   a - Magic Dart                     Conjuration                  1
   b - Searing Ray                    Conjuration                  2
   c - Dazzling Spray                 Conjuration/Hexes            3
   d - Fulminant Prism                Conjuration/Hexes            4
   e - Iskenderun's Mystic Blast      Conjuration                  4
   f - Iskenderun's Battlesphere      Conjuration/Charms           5
Comestibles
 c - 3 bread rations {@e1}
 d - 4 meat rations {@e2}


   Skills:
 - Level 2.1 Dodging
 - Level 2.0 Stealth
 + Level 3.2 Spellcasting
 + Level 6.7 Conjurations


You had 8 spell levels left.
You knew the following spells:

 Your Spells              Type           Power        Failure   Level  Hunger
a - Magic Dart            Conj           ###.         1%          1    None


Dungeon Overview and Level Annotations

Branches:
Dungeon (3/15)

Altars:


Innate Abilities, Weirdness & Mutations

You have a beak for a mouth.
You have claws for feet.


Message History

The orc is moderately wounded.
The orc hits you with a falchion.
You hit the orc but do no damage.
The orc is moderately wounded.
The orc priest invokes the aid of Beogh against you.
Something smites you!
Ouch! That really hurt!
* * * LOW HITPOINT WARNING * * *
The orc hits you with a falchion.
* * * LOW HITPOINT WARNING * * *
You hear a shout!
Casting: Magic Dart
Confirm with . or Enter, or press ? or * to list all spells.
Aiming: Magic Dart
Press: ? - help, Shift-Dir - straight line, f - orc
Aim: an orc, wielding a falchion and wearing a ring mail (moderately wounded)
The magic dart hits the orc.
The orc is heavily wounded.
The orc hits you with a falchion.
You die...

#.########...# #.# #####
#.# # ###.# # ##...##
##### . ##.##..### #....
.. #.###....### #.### ...#
#.##.......# #.# .....
#@##.##..#.# #.###
......####o..#.#.#.# #.#..
...).o)....#..##.#.# #.#.#
....w.####...###.#.###.#.#
..o.. ##..###..........
...# #)...).........# #.
##.############# # #.# #.#


You could see an orc.

Vanquished Creatures
  An adder (D:2)
  3 oozes (D:1)
  3 giant geckos
  2 orcs (D:3)
  7 bats
  8 giant cockroaches
  12 hobgoblins
  A quokka (D:2)
  4 giant newts
  4 goblins
  9 kobolds
  4 rats
58 creatures vanquished.

Notes
Turn   | Place    | Note
--------------------------------------------------------------
     0 | D:1      | derrpe the Tengu Conjurer began the quest for the Orb.
     0 | D:1      | Reached XP level 1. HP: 10/10 MP: 4/4
    95 | D:1      | Reached XP level 2. HP: 15/15 MP: 0/6
   436 | D:1      | Reached skill level 6 in Conjurations
   436 | D:1      | Reached XP level 3. HP: 10/19 MP: 0/7
  1305 | D:2      | Reached XP level 4. HP: 24/24 MP: 1/9
  2504 | D:3      | Slain by an orc

Vault maps used:
D:1:      tarquinn_simple_flora_water_b
D:3:      serial_bayou_pond_e, uniq_sigmund

Action                   |  1- 3 |  4- 6 || total
-------------------------+-------+-------++-------
Melee: Short sword       |    14 |     5 ||    19
 Cast: Magic Dart        |    67 |    52 ||   119
  Eat: Chunk             |     2 |     3 ||     5
